 Dungeon Crawl Stone Soup version 0.18.1-48-g4cf74bf (console) character file.

733 Kloppie the Fighter (level 7, -1/68 HPs)
             Began as a Hill Orc Fighter on July 29, 2016.
             Was an Initiate of Makhleb.
             Slain by a slave (8 damage)
             ... led by Pikel
             ... on level 5 of the Dungeon.
             The game lasted 00:07:07 (4570 turns).

Kloppie the Fighter (Hill Orc Fighter)              Turns: 4570, Time: 00:07:07

Health: -1/68      AC: 10    Str: 24    XL:     7   Next: 74%
Magic:  7/7        EV: 10    Int:  8    God:    Makhleb [......]
Gold:   213        SH:  0    Dex: 12    Spells: 0 memorised, 6 levels left

rFire  + . .     SeeInvis .     a - +0 flail
rCold  + . .     Gourm    .     E - +2 ring mail {rC+}
rNeg   . . .     Faith    .     (no shield)
rPois  .         Spirit   .     i - +0 helmet (curse)
rElec  .         Dismiss  .     (no cloak)
rCorr  .         Reflect  .     (no gloves)
SustAt .         Harm     .     h - +0 pair of boots
MR     .....                    x - amulet of magic regeneration
Stlth  +.........               (no ring)
                                B - ring of protection from fire

@: mighty, not resistant to hostile enchantments, very unstealthy
A: no striking features
a: Renounce Religion


You were on level 5 of the Dungeon.
You worshipped Makhleb.
Makhleb was noncommittal.
You were very hungry.

You visited 1 branch of the dungeon, and saw 6 of its levels.

You collected 213 gold pieces.

Inventory:

Hand Weapons
 a - a +0 flail (weapon)
Armour
 c - a +0 shield
 h - a +0 pair of boots (worn)
 i - a cursed +0 helmet (worn)
 E - a +2 ring mail of cold resistance (worn)
Rods
 p - a -3 iron rod (14/14)
   (You found it on level 4 of the Dungeon)
Jewellery
 x - an amulet of magic regeneration (around neck)
 B - a ring of protection from fire (left hand)
Wands
 A - a wand of flame (13/48)
 F - a wand of lightning (7/15)
Scrolls
 d - a scroll of enchant armour {unknown}
 e - a scroll of recharging {unknown}
 m - 2 scrolls of amnesia
 q - 2 scrolls of magic mapping {unknown}
 s - a scroll of fear {unknown}
 v - a scroll of noise {unknown}
 w - a scroll of random uselessness {unknown}
 y - 3 scrolls of teleportation {unknown}
Potions
 g - 3 potions of curing
 j - 4 potions of degeneration
 l - 2 potions of magic
 n - 2 potions of invisibility
 o - a potion of haste
 t - a potion of cancellation {unknown}
 u - a potion of agility {unknown}
 z - a potion of flight {unknown}
 D - 2 potions of brilliance {unknown}
Comestibles
 f - 6 bread rations
 k - 2 fruits
 r - 3 meat rations


   Skills:
 + Level 8.0 Fighting
 + Level 6.6 Maces & Flails
 - Level 3.2 Armour
 - Level 3.2 Shields


You had 6 spell levels left.
You didn't know any spells.

Dungeon Overview and Level Annotations

Branches:
Dungeon (6/15)             Temple (0/1) D:5

Altars:
Ashenzari
Gozag
Makhleb
Nemelex Xobeh

Annotations:
D:5 Pikel


Message History

Pikel hits you with a whip of electrocution!
* * * LOW HITPOINT WARNING * * *
The slave hits you.
* * * LOW HITPOINT WARNING * * *
The crimson imp disappears for a moment.
The crimson imp blinks!
The slave hits you but does no damage.
You barely miss Pikel.
Pikel is severely wounded.
Pikel hits you with a whip of electrocution!
* * * LOW HITPOINT WARNING * * *
The slave hits you but does no damage. The slave barely misses you.
The slave hits you but does no damage. Pikel hits you but does no damage.
You are electrocuted!
* * * LOW HITPOINT WARNING * * *
The slave hits you.
* * * LOW HITPOINT WARNING * * *
You sock Pikel!
Pikel is almost dead.
The slave hits you!
You die...

...... #...#..## .......
#...#...# #.._...# ...
#### #..#...# ...## ##..#
#..#...# ....## ##..#
##.###..## #...## #...#
#..###.<.## #...###.<##
#..###....# ##...#K@.#
#...[...... #....5ppp#
#.#.####... ##......p##
#...###....
##.....###########........
##.....## #...............
#.......# #.####..........
......###.####.##
#..........
.......?.........
####.......
###....#.#K#.#.#. ##......


You could see Pikel, 4 slaves and a crimson imp.

Vanquished Creatures
  A sky beast (D:5)
  An ice beast (D:5)
  A centaur (D:5)
  A scorpion (D:4)
  3 hounds
  2 jellies
  A centaur skeleton (D:5)
  A giant frog skeleton (D:4)
  2 worker ants
  3 gnolls (D:2)
  5 adders
  An ooze (D:1)
  2 worms
  5 dart slugs
  2 giant geckos (D:1)
  5 orcs
  7 bats
  4 giant cockroaches
  11 goblins
  10 hobgoblins
  6 kobolds
  3 quokkas
  A ball python (D:3)
  5 giant newts
  A quokka skeleton (D:4)
  6 rats
90 creatures vanquished.

Notes
Turn   | Place    | Note
--------------------------------------------------------------
     0 | D:1      | Kloppie the Hill Orc Fighter began the quest for the Orb.
     0 | D:1      | Reached XP level 1. HP: 19/19 MP: 1/1
   161 | D:1      | Reached skill level 4 in Fighting
   168 | D:1      | Reached XP level 2. HP: 26/27 MP: 2/2
   395 | D:1      | Reached XP level 3. HP: 34/34 MP: 3/3
   984 | D:2      | Found an opulent altar of Gozag.
  1118 | D:2      | Found a sparkling altar of Nemelex Xobeh.
  1233 | D:2      | Reached skill level 5 in Fighting
  1233 | D:2      | Reached XP level 4. HP: 42/42 MP: 4/4
  2126 | D:2      | Reached XP level 5. HP: 19/48 MP: 5/5
  2587 | D:3      | Found a burning altar of Makhleb.
  2593 | D:3      | Became a worshipper of Makhleb the Destroyer
  2800 | D:3      | You fall through a shaft for 3 floors!
  2807 | D:6      | Reached skill level 6 in Fighting
  2833 | D:5      | Entered Level 5 of the Dungeon
  2842 | D:5      | Reached XP level 6. HP: 27/57 MP: 6/6
  2846 | D:5      | Reached skill level 5 in Maces & Flails
  3095 | D:5      | Noticed a sky beast
  3142 | D:5      | Killed a sky beast
  3350 | D:5      | Reached skill level 7 in Fighting
  3394 | D:5      | Reached XP level 7. HP: 49/66 MP: 7/7
  3417 | D:5      | Found a shattered altar of Ashenzari.
  4367 | D:5      | Reached skill level 8 in Fighting
  4538 | D:5      | Found a staircase to the Ecumenical Temple.
  4549 | D:5      | Noticed Pikel
  4570 | D:5      | Slain by a slave

Skill      XL: |  1  2  3  4  5  6  7 |
---------------+----------------------+-----
Fighting       | 4 5 6 7 8 |  8.0
Maces & Flails | 3 4 5 6 |  6.6
Armour         | |  3.2
Shields        | |  3.2

Action                   |  1- 3 |  4- 6 |  7- 9 || total
-------------------------+-------+-------+-------++-------
Melee: Flail             |   111 |   180 |    68 ||   359
  Use: Potion            |       |     1 |     1 ||     2
       Scroll            |       |       |     7 ||     7
  Eat: Chunk             |     1 |     6 |     2 ||     9
       Royal jelly       |       |       |     1 ||     1
Armor: Scale mail        |    55 |   133 |    10 ||   198
       Ring mail         |       |       |    28 ||    28
Dodge: Dodged            |    52 |   102 |    39 ||   193
